 Dungeon Crawl Stone Soup version 0.27-a0-1196-g3e9cee4cb2 (webtiles) character file.

Game seed: 13448934607319105077

14 Shayle the Vexing (level 2, -1/21 HPs)
             Began as a Demonspawn Enchanter on May 29, 2021.
             Slain by a kobold
             ... wielding a +0 dagger
              (2 damage)
             ... on level 1 of the Dungeon.
             The game lasted 00:02:05 (784 turns).

Shayle the Vexing (Demonspawn Enchanter)             Turns: 784, Time: 00:02:06

Health: -1/21      AC:  2    Str:  8    XL:     2   Next: 27%
Magic:  4/5        EV:  9    Int: 18    God:
Gold:   16         SH:  0    Dex: 13    Spells: 4/5 levels left

rFire    . . .     SeeInvis .   a - +1 dagger
rCold    . . .     Faith    .   (no shield)
rNeg     . . .     Spirit   .   b - +0 robe
rPois    .         Reflect  .   (no helmet)
rElec    .         Harm     .   (no cloak)
rCorr    +         Rampage  .   (no gloves)
Will     .....                  (no boots)
Stlth    ++........             (no amulet)
HPRegen  0.07/turn              d - ring of resist corrosion
MPRegen  0.09/turn              (no ring)

@: constricted
A: big brain 1
a: no special abilities


You were on level 1 of the Dungeon.
You visited 1 branch of the dungeon, and saw 1 of its levels.

You collected 16 gold pieces.

Inventory:

Hand Weapons
 a - a +1 dagger (weapon)
Armour
 b - a +0 robe (worn)
Jewellery
 d - a ring of resist corrosion (left hand)
Scrolls
 c - a scroll of identify {unknown}
 e - a scroll of immolation {unknown}


   Skills:
 + Level 1.0 Fighting
 - Level 0.8 Short Blades
 + Level 2.1 Dodging
 + Level 3.0 Stealth
 - Level 2.0 Spellcasting
 - Level 3.0 Hexes


You had 4 spell levels left.
You knew the following spells:

 Your Spells              Type           Power      Damage    Failure   Level
a - Corona                Hex            13%        N/A       5%          1

Your spell library contained the following spells:

 Spells                   Type           Power      Damage    Failure   Level
 Ensorcelled Hibernation  Hex/Ice        14%        N/A       14%         2
 Confusing Touch          Hex            12%        N/A       16%         3
 Tukima's Dance           Hex            12%        N/A       16%         3
 Dazzling Flash           Conj/Hex       14%        N/A       28%         3


Dungeon Overview and Level Annotations

Branches:
Dungeon (1/15)

Altars:


Innate Abilities, Weirdness & Mutations

You have an unusually large brain. (Int +2)


Message History

You barely miss the kobold.
The kobold is heavily wounded.
The ball python misses you. The ball python constricts you.
The kobold hits you with a +0 dagger.
You hit the kobold but do no damage.
The kobold is heavily wounded.
The ball python bites you but does no damage.
The ball python constricts you.
You hit the kobold but do no damage.
The kobold is heavily wounded.
The ball python closely misses you. The ball python constricts you.
The kobold hits you with a +0 dagger. The ball python barely misses you.
The ball python constricts you.
You hit the kobold but do no damage.
The kobold is heavily wounded.
The kobold hits you but does no damage.
The ball python bites you but does no damage.
The ball python constricts you.
You closely miss the kobold.
The kobold is heavily wounded.
The kobold barely misses you. The ball python barely misses you.
* * * LOW HITPOINT WARNING * * *
The ball python constricts you.
Unknown command.
Casting: Corona (safe; 5% risk of failure)
Confirm with . or Enter, or press ? or * to list all spells.
Aiming: Corona (safe; 5% risk of failure)
Press: ? - help, Shift-Dir - straight line, f - kobold
Aim: a kobold, wielding a +0 dagger and quivering stones (heavily wounded, chance to affect: 66%)
The kobold is outlined in light.
The kobold hits you with a +0 dagger.
* * * LOW HITPOINT WARNING * * *
The ball python completely misses you.
* * * LOW HITPOINT WARNING * * *
The ball python constricts you.
You aren't carrying any potions.
Unknown command.
You hit the kobold but do no damage.
The kobold is heavily wounded.
The kobold hits you with a +0 dagger.
You die...

#.....#
#.....#
#######.....#
......#
............#
#.....#
#######.###.#
.....# ..# #.#
#.# .....####
..# #.#
#.####.##....#
..# #.#
#.##.......#
..#####.#
#.##.#S....#
..'.....#
#.##.#@....#
..#######
#....#K#####
### ######.#
#.# #.# #.#
#.# #.#


You could see a ball python and a kobold (corona).

Vanquished Creatures
  A ball python (D:1)
  A giant cockroach (D:1)
  2 hobgoblins (D:1)
  4 jackals (D:1)
  A quokka (D:1)
  A bat (D:1)
  A rat (D:1)
11 creatures vanquished.

Notes
Turn   | Place    | Note
-------+----------+-------------------------------------------
     0 | D:1      | Shayle the Demonspawn Enchanter began the quest for the
                  | Orb.
     0 | D:1      | Reached XP level 1. HP: 13/13 MP: 3/3
    13 | D:1      | Found a faded altar of an unknown god.
   235 | D:1      | Gained mutation: You have an unusually large brain. (Int
                  | +2) [demonic ancestry]
   235 | D:1      | Reached XP level 2. HP: 14/20 MP: 3/5
   469 | D:1      | Reached skill level 1 in Fighting
   783 | D:1      | HP: 1/21 [ball python (1)]
   784 | D:1      | Slain by a kobold

Illustrated notes

Levels and vault maps discovered:
D:1:      dpeg_arrival_long_road, layout_basic,
          hellmonk_ecumenical_altar_heavens_door

Skill      XL: |  1  2 |
---------------+-------+-----
Dodging        | 2 |  2.1
Stealth        | 3 |  3.0
Fighting       | 1 |  1.0
Short Blades   | |  0.8
Spellcasting   | |  2.0
Hexes          | |  3.0

Action                   || total
-------------------------++-------
Melee: Dagger            ||    60
 Cast: Corona            ||     6
  Use: Potion            ||     1
 Stab: Sleeping          ||     1
Armor: Robe              ||    16
Dodge: Dodged            ||    61

Table legend: (Time is in decaauts)
 A = Elapsed time spent in this place.
 B = Non-inter-level travel time spent in this place.
 C = Inter-level travel time spent in this place.
 D = Time resting spent in this place.
 E = Time spent auto-exploring this place.
 F = Levels seen in this place.
 G = Mean time per level.
                   A        B        C        D        E       F      G
               +--------+--------+--------+--------+--------+-----+--------+
         Total |    780 |    780 |      0 |     80 |    549 |   1 |  780.0 |
       Dungeon |    780 |    780 |      0 |     80 |    549 |   1 |  780.0 |
               +--------+--------+--------+--------+--------+-----+--------+

Top non-repeatable levels by time:
     D:1: 780 daAuts
